 Dungeon Crawl Stone Soup version 0.22.0 (webtiles) character file.

102 wojtek the Chopper (level 4, -6/39 HPs)
             Began as a Minotaur Fighter on Aug 11, 2018.
             Mangled by an ogre
             ... wielding a +0 giant spiked club
              (15 damage)
             ... on level 4 of the Dungeon.
             The game lasted 00:02:06 (1759 turns).

wojtek the Chopper (Minotaur Fighter)               Turns: 1759, Time: 00:02:06

Health: -6/39      AC:  9    Str: 22    XL:     4   Next: 49%
Magic:  3/3        EV:  7    Int:  5    God:
Gold:   97         SH:  9    Dex:  9    Spells: 3/3 levels left

rFire    . . .     SeeInvis .   a - +0 war axe
rCold    + . .     Gourm    .   c - +0 shield
rNeg     . . .     Faith    .   v - +1 scale mail {rC+}
rPois    .         Spirit   .   (helmet restricted)
rElec    .         Reflect  .   (no cloak)
rCorr    .         Harm     .   h - +0 pair of gloves
MR       .....                  (no boots)
Stlth    ..........             (no amulet)
HPRegen  0.13/turn              (no ring)
MPRegen  0.08/turn              (no ring)

@: no status effects
A: retaliatory headbutt, horns 2
a: no special abilities


You were on level 4 of the Dungeon.
You were hungry.

You visited 1 branch of the dungeon, and saw 4 of its levels.

You collected 187 gold pieces.
You spent 90 gold pieces at shops.

Inventory:

Hand Weapons
 a - a +0 war axe (weapon)
Missiles
 m - a throwing net (quivered)
Armour
 c - a +0 shield (worn)
 h - a +0 pair of gloves (worn)
 j - a +0 chain mail
 v - a +1 scale mail of cold resistance (worn)
Wands
 p - a wand of digging (11)
Scrolls
 b - 3 scrolls of enchant armour {unknown}
 e - 4 scrolls of remove curse {unknown}
 i - 2 scrolls of identify {unknown}
 n - a scroll of fear {unknown}
 o - a scroll of magic mapping {unknown}
 r - 3 scrolls of teleportation {unknown}
 s - a scroll of random uselessness {unknown}
 t - a scroll of fog {unknown}
 u - a scroll of amnesia {unknown}
Potions
 d - a potion of might
 g - a potion of heal wounds {unknown}
 l - 2 potions of curing
 q - 2 potions of degeneration {unknown}
Comestibles
 f - 3 rations


   Skills:
 - Level 3.6 Fighting
 + Level 5.8 Axes
 - Level 3.6 Armour
 - Level 3.6 Shields


You had 3 spell levels left.
You didn't know any spells.
Your spell library was empty.

Dungeon Overview and Level Annotations

Branches:
Dungeon (4/15)
 Temple: D:4-7

Altars:
Gozag
Zin


Innate Abilities, Weirdness & Mutations

You reflexively headbutt those who attack you in melee.
You have a pair of horns on your head.


Message History

The ogre is moderately wounded.
You block the ogre's attack.
You hit the ogre but do no damage. You headbutt the ogre.
The ogre is heavily wounded.
The ogre hits you with a giant spiked club!!
Ouch! That really hurt!
* * * LOW HITPOINT WARNING * * *
You are too injured to fight recklessly!
You are too injured to fight recklessly!
You barely miss the ogre.
The ogre is heavily wounded.
You block the ogre's attack.
You closely miss the ogre. You headbutt the ogre!
The ogre is severely wounded.
You block the ogre's attack.
You hit the ogre but do no damage.
You headbutt the ogre, but do no damage.
The ogre is severely wounded.
The ogre hits you with a giant spiked club!
You die...

## ######## ...
......# #... #O...##
#...# #.@...####..
..#..###..(........
....
..##...............#
...##..
#...#...###....##
...#... )#.#...##
#....# .....
#.###.....# #.....
..............#.#
.....
...#........#..##
#.##
....#.......##.# ##


You could see an ogre.

Vanquished Creatures
  4 adders
  3 oozes
  3 worms
  3 dart slugs
  A leopard gecko (D:2)
  3 bats
  A giant cockroach (D:1)
  4 goblins
  4 hobgoblins
  2 jackals (D:2)
  A quokka (D:3)
  A ball python (D:3)
  4 frilled lizards
  4 kobolds
  3 rats
41 creatures vanquished.

Notes
Turn   | Place    | Note
-------+----------+-------------------------------------------
     0 | D:1      | wojtek the Minotaur Fighter began the quest for the Orb.
     0 | D:1      | Reached XP level 1. HP: 19/19 MP: 0/0
    82 | D:1      | Reached skill level 3 in Axes
    82 | D:1      | Reached XP level 2. HP: 23/26 MP: 1/1
   592 | D:2      | Reached skill level 4 in Axes
   747 | D:2      | Found an opulent altar of Gozag.
   838 | D:2      | Reached XP level 3. HP: 29/31 MP: 2/2
  1250 | D:3      | Reached skill level 5 in Axes
  1328 | D:3      | Found a faded altar of an unknown god.
  1333 | D:3      | Reached XP level 4. HP: 37/39 MP: 3/3
  1575 | D:3      | Found Zin's Purification Station.
  1579 | D:3      | Found a glowing silver altar of Zin.
  1584 | D:3      | Bought a potion of curing for 90 gold pieces
  1752 | D:4      | Noticed an ogre
  1759 | D:4      | Mangled by an ogre

Skill      XL: |  1  2  3 |
---------------+----------+-----
Axes           | 3 4 5 |  5.8
Fighting       | |  3.6
Armour         | |  3.6
Shields        | |  3.6

Action                   |  1- 3 |  4- 6 || total
-------------------------+-------+-------++-------
Melee: War axe           |    87 |    28 ||   115
       Headbutt          |    10 |     6 ||    16
  Eat: Chunk             |     1 |     1 ||     2
Armor: Scale mail        |    12 |     4 ||    16
       Chain mail        |    31 |     4 ||    35
Dodge: Dodged            |    17 |     8 ||    25
Block: Shield            |    38 |    16 ||    54
